 Dungeon Crawl Stone Soup version 0.21.1-1-g345015f (webtiles) character file.

6771 Hebeh the Cleaver (level 10, -4/91 HPs)
             Began as a Deep Dwarf Fighter on June 14, 2018.
             Was a Believer of Makhleb.
             Slain by a two-headed ogre
             ... wielding a +0 giant club
              (22 damage)
             ... on level 9 of the Dungeon.
             The game lasted 01:19:23 (8204 turns).

Hebeh the Cleaver (Deep Dwarf Fighter)              Turns: 8204, Time: 01:19:24

Health: -4/91      AC: 11    Str: 24    XL:     10   Next: 76%
Magic:  2/2        EV:  8    Int:  8    God:    Makhleb [**....]
Gold:   585        SH: 11    Dex: 14    Spells: 9/9 levels left

rFire    . . .     SeeInvis .   a - +0 war axe
rCold    . . .     Gourm    .   L - +0 shield
rNeg     . . .     Faith    .   b - +0 scale mail
rPois    .         Spirit   .   I - +0 helmet
rElec    .         Reflect  .   (no cloak)
rCorr    +         Harm     .   M - +1 pair of gloves
MR       +....                  (no boots)
Stlth    ++........             Q - amulet of rage
HPRegen  0.00/turn              k - +2 ring of dexterity
MPRegen  0.08/turn              z - ring of resist corrosion

@: non-regenerating
A: damage resistance, heal wounds, sense surroundings 2, no regeneration
a: Heal Wounds, Minor Destruction, Renounce Religion, Evoke Berserk Rage


You were on level 9 of the Dungeon.
You worshipped Makhleb.
Makhleb was pleased with you.
You were not hungry.

You visited 2 branches of the dungeon, and saw 11 of its levels.

You collected 585 gold pieces.

Inventory:

Hand Weapons
 a - a +0 war axe (weapon)
 t - a +2 flail of crushing
 C - a +0 blowgun
 D - a +0 whip of flaming
 S - a +1 spear of freezing
 V - a +1 hunting sling of velocity
Missiles
 h - 324 stones (quivered)
 l - 38 poisoned needles
 W - 42 sling bullets
Armour
 b - a +0 scale mail (worn)
 I - a +0 helmet (worn)
 L - a +0 shield (worn)
 M - a +1 pair of gloves (worn)
Jewellery
 i - an uncursed ring of ice
 k - a +2 ring of dexterity (left hand)
 q - an uncursed ring of fire
 u - an uncursed ring of ice
 z - a ring of resist corrosion (right hand)
 J - an uncursed ring of resist corrosion
 K - an uncursed ring of magical power
 Q - an amulet of rage (around neck)
Wands
 j - a wand of enslavement (8)
 w - a wand of digging (29)
 x - a wand of flame (6)
 R - a wand of paralysis (7)
 T - a wand of random effects (21)
Scrolls
 c - 3 scrolls of immolation {unknown}
 e - a scroll of remove curse
 g - 4 scrolls of fear
 v - 3 scrolls of teleportation
 y - 2 scrolls of blinking {unknown}
 E - 2 scrolls of enchant weapon {unknown}
 F - 2 scrolls of identify
 H - 2 scrolls of enchant armour {unknown}
 P - 2 scrolls of amnesia {unknown}
Potions
 d - 2 potions of might
 m - a potion of invisibility {unknown}
 n - a potion of brilliance {unknown}
 o - a potion of heal wounds {unknown}
 r - 2 potions of mutation
 s - 3 potions of haste
 A - a potion of lignification {unknown}
 G - 2 potions of curing
 N - 2 potions of ambrosia {unknown}
 O - 2 potions of degeneration {unknown}
 U - 2 potions of flight {unknown}
Books
 B - a book of Maledictions

   Spells                             Type                      Level
   a - Corona                         Hexes                        1
   b - Ensorcelled Hibernation        Hexes/Ice                    2
   c - Confuse                        Hexes                        3
   d - Tukima's Dance                 Hexes                        3
   e - Dazzling Spray                 Conjuration/Hexes            3
Comestibles
 f - 16 rations
 p - 3 chunks of flesh


   Skills:
 + Level 6.1 Fighting
 * Level 9.7(10.4) Axes
 * Level 5.6(8.0) Maces & Flails
 + Level 7.3 Armour
 + Level 7.8 Stealth
 * Level 7.5 Shields
 + Level 2.6 Invocations
 + Level 4.8 Evocations


You had 9 spell levels left.
You didn't know any spells.

Dungeon Overview and Level Annotations

Branches:
Dungeon (10/15)            Temple (1/1) D:6             Orc (0/2) D:9
   Lair: D:8-11

Altars:
Ashenzari
Cheibriados
Dithmenos
Elyvilon
Fedhas
Hepliaklqana
Kikubaaqudgha
Makhleb
Nemelex Xobeh
Okawaru
Qazlal
Ru
Sif Muna
Trog
Uskayaw
Vehumet
Wu Jian
Xom
Yredelemnul
Zin
The Shining One

Shops:
D:5 %


Innate Abilities, Weirdness & Mutations

You are resistant to damage.
You can heal yourself by infusing magical energy.
You passively map the area around you.
You do not regenerate.


Message History

You slash the two-headed ogre!
The two-headed ogre is severely wounded.
Your magical essence is drained by the effort!
You feel much better.
You block the two-headed ogre's attack. x2
Some of the chunks of flesh in your inventory have rotted away.
Okay, then.
You barely miss the two-headed ogre.
The two-headed ogre is severely wounded.
The two-headed ogre hits you with a giant club!
You block the two-headed ogre's attack.
You hit the two-headed ogre but do no damage.
The two-headed ogre is severely wounded.
The two-headed ogre closely misses you.
The two-headed ogre hits you but does no damage.
You hit the two-headed ogre.
The two-headed ogre is severely wounded.
The two-headed ogre hits you with a giant club!!
* * * LOW HITPOINT WARNING * * *
The two-headed ogre hits you with a giant club!!
You die...

.รท.....#.#
#.............#
,+....
.......#.#
#.............+
*#....
.......'.#
#...........<.#
#...)
.......###
######'########
#.... .......#
#..# #....
####+### #.##
###'# * #.# #.#
* * #.# #.. * *
#@# ##### ,, ,
* #O# * #.....
, +, ,... , *
#..... , , *
..... , #.....
, * *....... **
...... , , **
,.........
*#..... , , ,*
##........#
###### ,
########## *


You could see a two-headed ogre.

Vanquished Creatures
  Erolcha (D:9)
  The ghost of Phong the Destroyer, a novice DrCj of Ashenzari (D:8)
  Pikel (D:6)
  Joseph (D:9)
  A gargoyle (D:9)
  A hippogriff (D:9)
  A shadow (D:8)
  A wyvern (D:9)
  The ghost of Iko the Slasher, an amateur MiFi (D:5)
  A water moccasin (D:8)
  An ice beast (D:7)
  4 slaves (D:6)
  2 sky beasts
  A black bear (D:7)
  2 phantoms
  2 ogres
  8 centaurs
  Blork the orc (D:6)
  A big kobold (D:9)
  5 bullfrogs
  2 water moccasin zombies
  A scorpion (D:8)
  3 wights (D:8)
  A howler monkey (D:8)
  4 crimson imps
  A bullfrog zombie (D:8)
  A centaur zombie (D:4)
  4 hounds
  2 bullfrog skeletons (D:7)
  A gnoll shaman (D:6)
  4 orc priests
  2 jellies
  Natasha (thrice) (D:3)
  A centaur skeleton (D:5)
  4 iguanas
  8 orc wizards
  5 worker ants
  A hound zombie (D:4)
  A hound skeleton (D:4)
  3 worker ant zombies
  Robin (D:2)
  15 gnolls
  12 adders
  2 adder zombies
  2 oozes (D:2)
  3 adder skeletons
  3 worms (D:3)
  3 dart slugs
  6 leopard geckos
  20 orcs
  6 giant cockroaches
  2 gnoll zombies (D:8)
  10 goblins
  16 hobgoblins
  4 jackals (D:4)
  16 kobolds
  4 quokkas
  2 ball pythons
  10 bats
  7 frilled lizards
  A jackal zombie (D:8)
  A quokka skeleton (D:5)
  8 rats
  2 butterflies (D:8)
245 creatures vanquished.

Notes
Turn   | Place    | Note
-------+----------+-------------------------------------------
     0 | D:1      | Hebeh the Deep Dwarf Fighter began the quest for the Orb.
     0 | D:1      | Reached XP level 1. HP: 20/20 MP: 1/1
   103 | D:1      | Reached XP level 2. HP: 17/27 MP: 2/2
   218 | D:1      | Reached skill level 1 in Stealth
   324 | D:1      | Reached XP level 3. HP: 27/33 MP: 3/3
   454 | D:1      | Reached skill level 3 in Axes
   795 | D:2      | Reached XP level 4. HP: 25/42 MP: 4/4
   896 | D:2      | Noticed Robin
   907 | D:2      | Killed Robin
  1003 | D:2      | Reached XP level 5. HP: 41/49 MP: 5/5
  1440 | D:3      | Noticed Natasha
  1441 | D:3      | Found a bloodstained altar of Trog.
  1445 | D:3      | Killed Natasha
  1548 | D:3      | Reached skill level 4 in Axes
  1718 | D:3      | Noticed Natasha
  1727 | D:3      | Killed Natasha
  2234 | D:3      | Noticed Natasha
  2242 | D:3      | Killed Natasha
  2242 | D:3      | Reached XP level 6. HP: 41/56 MP: 4/4
  2402 | D:4      | Found an iron altar of Okawaru.
  2419 | D:4      | Found a radiant altar of Vehumet.
  2484 | D:4      | Reached skill level 1 in Maces & Flails
  2600 | D:5      | Entered Level 5 of the Dungeon
  2690 | D:4      | Reached skill level 5 in Axes
  2876 | D:4      | Reached XP level 7. HP: 42/63 MP: 5/5
  2993 | D:4      | Found an ornate altar of the Wu Jian Council.
  3421 | D:5      | Noticed Iko's ghost (amateur MiFi)
  3452 | D:5      | Killed Iko's ghost
  3617 | D:5      | Found Amiden's Food Shop.
  3723 | D:5      | Reached skill level 5 in Shields
  3981 | D:5      | Reached skill level 5 in Armour
  3984 | D:5      | Reached skill level 6 in Axes
  3984 | D:5      | Reached XP level 8. HP: 40/72 MP: 4/4
  4090 | D:6      | Found a sacrificial altar of Ru.
  4386 | D:6      | Reached skill level 5 in Stealth
  4490 | D:6      | Noticed Pikel
  4528 | D:6      | Killed Pikel
  4528 | D:6      | Reached skill level 7 in Axes
  4599 | D:6      | Noticed Blork the orc
  4613 | D:6      | Killed Blork the orc
  4613 | D:6      | Gained mutation: You passively map the area around you. [Deep Dwarf growth]
  4613 | D:6      | Reached XP level 9. HP: 61/80 MP: 2/2
  4626 | D:6      | Found a staircase to the Ecumenical Temple.
  4636 | Temple   | Entered the Ecumenical Temple
  5220 | D:6      | Reached skill level 5 in Fighting
  5645 | D:7      | Reached skill level 1 in Evocations
  5740 | D:7      | Found a white marble altar of Elyvilon.
  5871 | D:7      | Found a shadowy altar of Dithmenos.
  5890 | D:7      | Found a burning altar of Makhleb.
  5897 | D:7      | Became a worshipper of Makhleb the Destroyer
  5903 | D:7      | Found an ancient bone altar of Kikubaaqudgha.
  5906 | D:7      | Found a snail-covered altar of Cheibriados.
  5977 | D:7      | Found a hazy altar of Hepliaklqana.
  6036 | D:7      | Reached skill level 8 in Axes
  6491 | D:8      | Noticed Phong's ghost (novice DrCj)
  6559 | D:8      | HP: 4/81 [Phong's ghost/magic dart (8)]
  6567 | D:8      | Killed Phong's ghost
  6578 | D:8      | Reached * piety under Makhleb
  6633 | D:8      | Reached XP level 10. HP: 45/91 MP: 3/3
  6699 | D:8      | Reached skill level 9 in Axes
  6820 | D:8      | Found a shimmering altar of Xom.
  7347 | D:8      | Found a stormy altar of Qazlal.
  7599 | D:8      | Found a basalt altar of Yredelemnul.
  7747 | D:9      | Reached skill level 1 in Invocations
  7823 | D:9      | Noticed Erolcha
  7837 | D:9      | Killed Erolcha
  7837 | D:9      | Reached ** piety under Makhleb
  7837 | D:9      | Reached skill level 5 in Maces & Flails
  7911 | D:9      | Noticed a gargoyle
  7929 | D:9      | Killed a gargoyle
  7955 | D:9      | Found a staircase to the Orcish Mines.
  8071 | D:9      | Noticed Joseph
  8091 | D:9      | Killed Joseph
  8113 | D:10     | Entered Level 10 of the Dungeon
  8172 | D:9      | Noticed a two-headed ogre
  8204 | D:9      | Slain by a two-headed ogre

Skill      XL: |  1  2  3  4  5  6  7  8  9 10 |
---------------+-------------------------------+-----
Stealth        | 1 2 3 4 5 7 |  7.8
Axes           | 3 4 5 6 7 8 9 |  9.7
Fighting       | 3 4 5 6 |  6.1
Shields        | 4 5 6 7 |  7.5
Armour         | 4 5 6 7 |  7.3
Maces & Flails | 1 2 3 4 5 |  5.6
Evocations     | 3 4 |  4.8
Invocations    | 2 |  2.6

Action                   |  1- 3 |  4- 6 |  7- 9 | 10-12 || total
-------------------------+-------+-------+-------+-------++-------
Melee: War axe           |   116 |   241 |   466 |   159 ||   982
       Whip              |       |    40 |       |       ||    40
       Flail             |       |       |       |   104 ||   104
 Abil: Heal Wounds       |     2 |     8 |    18 |    14 ||    42
Evoke: Wand              |       |       |       |     1 ||     1
  Use: Scroll            |     2 |       |     6 |     7 ||    15
       Potion            |       |       |     1 |       ||     1
 Stab: Sleeping          |       |       |     3 |     1 ||     4
       Distracted        |       |       |     1 |     1 ||     2
  Eat: Chunk             |       |     7 |    10 |     2 ||    19
       Ration            |       |       |     1 |     1 ||     2
Armor: Scale mail        |    76 |   121 |   197 |    85 ||   479
Dodge: Dodged            |    47 |    86 |   141 |    61 ||   335
Block: Shield            |    80 |   133 |   263 |   152 ||   628
